 Dungeon Crawl Stone Soup version 0.19-a0-1738-gbb2db12 (webtiles) character file.

461 Naow the Cleaver (level 6, 0/52 HPs)
             Began as a Minotaur Berserker on Oct 1, 2016.
             Was a Believer of Trog.
             Slain by Pikel
             ... wielding a +1 whip of flaming
              (2 damage)
             ... on level 4 of the Dungeon.
             The game lasted 00:10:26 (3477 turns).

Naow the Cleaver (Minotaur Berserker)               Turns: 3477, Time: 00:10:29

Health: 0/52       AC:  2    Str: 21    XL:     6   Next: 79%
Magic:  5/5        EV: 11    Int:  6    God:    Trog [**....]
Gold:   166        SH:  0    Dex: 10    Spells: 0 memorised, 5 levels left

rFire  . . .     SeeInvis .     a - +0 hand axe
rCold  . . .     Gourm    .     b - +0 animal skin
rNeg   . . .     Faith    .     (no shield)
rPois  .         Spirit   .     (helmet restricted)
rElec  .         Dismiss  .     (no cloak)
rCorr  .         Reflect  .     (no gloves)
MR     ++...     Harm     .     (no boots)
Stlth  +.........               c - amulet of magic regeneration
                                (no ring)
                                (no ring)

@: exhausted, regenerating, slowed, heavily drained, invisible, very slow
A: retaliatory headbutt, horns 2, talons 1
a: Berserk, Trog's Hand, Burn Spellbooks, Renounce Religion


You were on level 4 of the Dungeon.
You worshipped Trog.
Trog was pleased with you.
You were hungry.

You visited 1 branch of the dungeon, and saw 4 of its levels.

You collected 166 gold pieces.

Inventory:

Hand Weapons
 a - a +0 hand axe (weapon)
Armour
 b - a +0 animal skin (worn)
Jewellery
 c - an amulet of magic regeneration (around neck)
 l - an uncursed amulet of harm
 m - an uncursed ring of ice {unknown}
 t - a cursed -2 ring of slaying {unknown}
 v - a +3 ring of strength {unknown}
Wands
 s - a wand of digging (13/24)
Scrolls
 d - 5 scrolls of remove curse {unknown}
 e - a scroll of enchant weapon {unknown}
 g - a scroll of magic mapping {unknown}
 i - 2 scrolls of identify {unknown}
 k - a scroll of amnesia {unknown}
 q - 2 scrolls of random uselessness {unknown}
 u - a scroll of blinking {unknown}
Potions
 j - a potion of curing {unknown}
 n - a potion of mutation {unknown}
 p - a potion of agility {unknown}
Comestibles
 h - 2 meat rations
 o - 3 chunks of flesh
 r - a bread ration


   Skills:
 - Level 4.0(2.8) Fighting
 + Level 9.1(7.8) Axes
 - Level 2.5(1.4) Armour
 - Level 2.1(1.1) Dodging


You had 5 spell levels left.
You didn't know any spells.

Dungeon Overview and Level Annotations

Branches:
Dungeon (4/15)
 Temple: D:4-7

Altars:
Elyvilon
Hepliaklqana
Nemelex Xobeh

Annotations:
D:4 Pikel


Innate Abilities, Weirdness & Mutations

You reflexively headbutt those who attack you in melee.
You have a pair of horns on your head.
You have sharp toenails.


Message History

You feel quite a bit more hungry. Pikel hits you with a whip of flaming!
Pikel burns you. Pikel hits you with a whip of flaming. Pikel burns you.
Pikel barely misses you.
There is a stone staircase leading up here.
Things that are here:
an animal skin; a human skeleton You hit Pikel but do no damage.
You headbutt Pikel.
Pikel is moderately wounded.
Pikel hits you with a whip of flaming! Pikel burns you.
Pikel hits you with a whip of flaming.
* * * LOW HITPOINT WARNING * * *
Pikel burns you.
* * * LOW HITPOINT WARNING * * *
It was a potion of invisibility.
You fade into invisibility!
Pikel barely misses you. You furiously retaliate!
You headbutt Pikel. Pikel barely misses you.
Pikel hits you with a whip of flaming!
* * * LOW HITPOINT WARNING * * *
Pikel burns you.
You die...

. #......#
#......≈ .#
+......+ #......
.#
#.>....######.....
.#
#...........+....
.# #+#.######...
[# ##....[......
.#####....<......#
...........)..##K#
.#########....##@#
...# ###....##.#
.#.# #....#.##.#
.#.#####....#.##.#
.#.#...'....'.##.#
.#.#.###....####.#
.#.#.##..........#
.#.#.##.##########
.....##.#


You could see Pikel.

Vanquished Creatures
  Sigmund (D:3)
  4 slaves (D:4)
  An ogre (D:4)
  Jessica (D:2)
  Terence (D:3)
  3 gnolls (D:2)
  5 adders
  An adder skeleton (D:4)
  2 worms (D:2)
  4 leopard geckos
  An orc (D:3)
  3 giant cockroaches
  8 goblins
  8 hobgoblins
  11 jackals
  2 quokkas
  A ball python (D:1)
  9 bats
  5 frilled lizards
  8 kobolds
  8 rats
87 creatures vanquished.

Notes
Turn   | Place    | Note
-------+----------+-------------------------------------------
     0 | D:1      | Naow the Minotaur Berserker began the quest for the Orb.
     0 | D:1      | Reached XP level 1. HP: 19/19 MP: 0/0
   196 | D:1      | Reached XP level 2. HP: 27/27 MP: 1/1
   199 | D:1      | Reached skill level 4 in Axes
   431 | D:1      | Reached ** piety under Trog
   431 | D:1      | Reached XP level 3. HP: 22/33 MP: 2/2
   705 | D:1      | Reached skill level 5 in Axes
   995 | D:2      | Noticed Jessica
  1002 | D:2      | Killed Jessica
  1002 | D:2      | Reached XP level 4. HP: 40/40 MP: 3/3
  1329 | D:2      | Reached skill level 6 in Axes
  1850 | D:2      | Gained mutation: You have sharp toenails. [potion of beneficial mutation]
  1853 | D:2      | HP: 2/40 [poisoned by an adder]
  1858 | D:2      | HP: 1/40 [poisoned by an adder]
  1863 | D:2      | HP: 2/40 [poisoned by an adder]
  2204 | D:2      | Reached XP level 5. HP: 46/46 MP: 4/4
  2554 | D:3      | Noticed Terence
  2563 | D:3      | Killed Terence
  2563 | D:3      | Reached skill level 7 in Axes
  2821 | D:3      | Noticed Sigmund
  2831 | D:3      | Killed Sigmund
  2831 | D:3      | Reached skill level 8 in Axes
  2831 | D:3      | Reached XP level 6. HP: 42/52 MP: 5/5
  2905 | D:3      | Found a white marble altar of Elyvilon.
  2966 | D:3      | Found a hazy altar of Hepliaklqana.
  2996 | D:3      | Found a sparkling altar of Nemelex Xobeh.
  3229 | D:3      | Found a faded altar of an unknown god.
  3364 | D:4      | Reached skill level 9 in Axes
  3435 | D:4      | Noticed a slave
  3437 | D:4      | Noticed a slave
  3438 | D:4      | Noticed a slave
  3441 | D:4      | Noticed a slave
  3447 | D:4      | Killed a slave
  3451 | D:4      | Killed a slave
  3455 | D:4      | Killed a slave
  3457 | D:4      | Killed a slave
  3466 | D:4      | Noticed Pikel
  3477 | D:4      | HP: 2/52 [Pikel/whip of flaming (7)]
  3477 | D:4      | Slain by Pikel

Vault maps used:
D:1:      ncdulo_watergridlock
D:2:      minivault_27, uniq_jessica
D:3:      elyvilon_altar_5, old_standard_altar,
          nemelex_xobeh_ov_fountains_minmay, first_bread, ecumenical_altar_1,
          uniq_sigmund, uniq_terence
D:4:      lightli_temple_of_fire, minmay_crystal_water, uniq_pikel

Skill      XL: |  1  2  3  4  5  6 |
---------------+-------------------+-----
Fighting       | 4 |  4.0
Axes           | 4 5 6 8 9 |  9.1
Armour         | |  2.5
Dodging        | |  2.1

Action                   |  1- 3 |  4- 6 || total
-------------------------+-------+-------++-------
Melee: Hand axe          |    68 |   113 ||   181
       Headbutt          |     5 |    18 ||    23
       Kick              |       |    12 ||    12
Invok: Berserk           |     2 |     6 ||     8
       Trog's Hand       |       |     7 ||     7
  Use: Potion            |       |     2 ||     2
       Scroll            |       |     1 ||     1
  Eat: Chunk             |     1 |     9 ||    10
       Bread ration      |       |     1 ||     1
       Royal jelly       |       |     1 ||     1
       Pizza             |       |     1 ||     1
Armor: Animal skin       |    16 |    14 ||    30
Dodge: Dodged            |    56 |    73 ||   129
